 Dungeon Crawl Stone Soup version 0.29-a0-284-gf9362112df (webtiles) character file.

Game seed: 7438276005047144649

185 silky the Cudgeller (level 5, -2/47 HPs)
             Began as a Minotaur Chaos Knight on Mar 31, 2022.
             Was a Plaything of Xom.
             Slain by a gnoll
             ... wielding a +0 halberd
              (9 damage)
             ... on level 4 of the Dungeon.
             The game lasted 00:08:14 (2297 turns).

silky the Cudgeller (Minotaur Chaos Knight)         Turns: 2297, Time: 00:08:15

Health: -2/47      AC:  6    Str: 19    XL:     5   Next: 37%
Magic:  4/4        EV: 11    Int:  7    God:    Xom [...*..]
Gold:   28         SH:  0    Dex:  9    Spells: 4/4 levels left

rFire   . . .      SeeInvis .   b - +2 long sword (holy)
rCold   + . .      Faith    .   (no shield)
rNeg    . . .      Spirit   .   r - +1 ring mail {rC+}
rPois   .          Reflect  .   (helmet restricted)
rElec   .          Harm     .   (no cloak)
rCorr   .          Rampage  .   (no gloves)
Will    .....                   (no boots)
Stlth   ..........              e - amulet of regeneration
HPRegen 0.95/turn               (no ring)
MPRegen 0.09/turn               (no ring)

@: no status effects
A: horns 2, retaliatory headbutt, dopey 1
a: Renounce Religion


You were on level 4 of the Dungeon.
You worshipped Xom.
You were a favourite toy of Xom.
You visited 1 branch of the dungeon, and saw 4 of its levels.

You collected 108 gold pieces.
You spent 80 gold pieces at shops.

Inventory:

Hand Weapons
 a - a +0 mace of chaos
 b - a +2 long sword of holy wrath (weapon)
Armour
 p - a +0 chain mail
 r - a +1 ring mail of cold resistance (worn)
Jewellery
 e - an amulet of regeneration (around neck)
Wands
 o - a wand of polymorph (10)
Scrolls
 d - a scroll of amnesia
 f - a scroll of noise
 g - 2 scrolls of teleportation
 l - a scroll of magic mapping {unknown}
 s - 2 scrolls of fear
 u - a scroll of immolation {unknown}
Potions
 h - 4 potions of curing {unknown}
 i - a potion of berserk rage {unknown}
 j - a potion of haste {unknown}
 k - a potion of might {unknown}
 m - 2 potions of degeneration {unknown}
 n - a potion of attraction {unknown}
 q - a potion of invisibility {unknown}
 t - a potion of flight {unknown}
Miscellaneous
 c - a piece from Xom's chessboard (4/15) (quivered)


   Skills:
 + Level 4.9 Fighting
 * Level 1.5 Long Blades
 + Level 4.9 Maces & Flails
 + Level 3.7 Armour
 + Level 1.9 Dodging
 + Level 0.3 Stealth
 + Level 0.7 Evocations


You had 4 spell levels left.
You didn't know any spells.
Your spell library contained the following spells:

 Spells                   Type           Power      Damage    Failure   Level
 Magic Dart               Conj           0%         1d3       61%         1
 Searing Ray              Conj           0%         2d4       75%         2
 Fulminant Prism          Conj/Hex       0%         3d6       100%        4


Dungeon Overview and Level Annotations

Branches:
Dungeon (4/15)
 Temple: D:4-7

Altars:
Xom

Shops:
D:3 [(!!   D:4 *


Innate Abilities, Weirdness & Mutations

You have a pair of horns on your head.
You reflexively headbutt those who attack you in melee.
You are dopey. (Int -2)


Message History

The ball python barely misses you. The gnoll barely misses you. x2
You furiously retaliate!
You headbutt the gnoll. The gnoll misses you.
You slash the gnoll!
The gnoll is severely wounded.
The ball python bites you but does no damage.
The ball python closely misses you. The gnoll barely misses you.
The gnoll hits you with a +0 halberd. The gnoll barely misses you.
You hit the gnoll.
You kill the gnoll!
The ball python closely misses you. You furiously retaliate!
You headbutt the ball python.
You kill the ball python!
The gnoll barely misses you. You furiously retaliate!
You headbutt the gnoll. The gnoll hits you with a +0 halberd!
You make a move on Xom's chessboard...
The gnoll seems to slow down.
The gnoll barely misses you. You furiously retaliate!
You headbutt the gnoll. The gnoll hits you with a +0 spear.
You barely miss the gnoll.
You headbutt the gnoll, but do no damage.
The gnoll is moderately wounded.
The gnoll closely misses you. The gnoll hits you with a +0 spear!
* * * LOW HITPOINT WARNING * * *
The gnoll closely misses you.
You closely miss the gnoll. Your headbutt misses the gnoll.
The gnoll is moderately wounded.
The gnoll hits you with a +0 halberd.
* * * LOW HITPOINT WARNING * * *
The gnoll hits you but does no damage.
You hit the gnoll. You headbutt the gnoll!
You kill the gnoll!
The gnoll barely misses you.
You closely miss the gnoll.
The gnoll is severely wounded.
The gnoll hits you with a +0 halberd.
* * * LOW HITPOINT WARNING * * *
The gnoll barely misses you.
You barely miss the gnoll.
The gnoll is severely wounded.
The gnoll hits you with a +0 halberd!
You die...

...###.#.# #.......#
. #.......# ..
#.......# ..
#.......# ##.
#.......# ########
.#.⌠.######.#.#
#......#
.......).##[#.#
#.####.#
.⌠...⌠)@....#.###.#
#.#
........g.......#.#
#.#
...>.....#....#.#.##
#.#
...................#
#.#
.⌠...⌠.###.#.......#
#.# .....!.
#.#.......###.#
...⌠...
#.#...........#
.#.....
#.#....#'#.##.#
#.#....#.#.#<..


You could see a gnoll.

Vanquished Creatures
  8 gnolls
  An adder (D:3)
  2 worms
  3 dart slugs
  5 ball pythons
  4 endoplasms
  7 giant cockroaches
  5 goblins
  5 hobgoblins
  6 jackals
  4 quokkas
  5 bats
  6 frilled lizards
  6 kobolds
  8 rats
75 creatures vanquished.

Notes
Turn   | Place    | Note
-------+----------+-------------------------------------------
     0 | D:1      | silky the Minotaur Chaos Knight began the quest for the
                  | Orb.
     0 | D:1      | Reached XP level 1. HP: 19/19 MP: 0/0
    20 | D:1      | Found a faded altar of an unknown god.
    56 | D:1      | XOM: silly message
    91 | D:1      | Reached XP level 2. HP: 27/27 MP: 1/1
   232 | D:1      | XOM: divination: detect creatures
   396 | D:1      | Reached XP level 3. HP: 33/33 MP: 2/2
   503 | D:1      | XOM is BORED!
   656 | D:2      | XOM: silly message
   753 | D:2      | XOM: scenery: create altars
  1282 | D:2      | XOM: god gift: wand of polymorph (5)
  1324 | D:2      | XOM: god gift: +1 ring mail of cold resistance
  1414 | D:3      | Reached XP level 4. HP: 40/40 MP: 3/3
  1416 | D:3      | XOM: enchant monster (good)
  1479 | D:3      | Found Juconic's Distillery.
  1550 | D:3      | Found Elec's Distillery.
  1578 | D:3      | Reached XP level 5. HP: 25/47 MP: 4/4
  1611 | D:3      | Reached skill level 1 in Long Blades
  1662 | D:3      | Found Ynuymial's Antique Armour Emporium.
  1755 | D:3      | Found Ruoruontia's Weapon Emporium.
  1772 | D:3      | XOM: cloud trail
  1808 | D:3      | XOM: scenery: summon butterflies
  2100 | D:3      | Bought a potion of mutation for 80 gold pieces
  2100 | D:3      | Gained mutation: You are dopey. (Int -2) [potion of
                  | mutation]
  2124 | D:4      | Found Pacroer's Lightly-Used Armoury.
  2297 | D:4      | Slain by a gnoll

Illustrated notes

Levels and vault maps discovered:
D:1:      lightli_iron_boxes, layout_loops_ring, ebering_ecumenical_altar_ruins
D:2:      layout_loops_ring, roderic_roman_lattice
D:3:      layout_basic, serial_shops,
          nicolae_shop_temple_entry_statues_fountains, shop_fountains,
          nicolae_shop_competitors_out_of_business, shop,
          chequers_serial_rivers_large_b
D:4:      layout_basic, nicolae_qazlal_general_emergency, grunt_ministairs_2,
          minmay_shop_damaged, minmay_misc_feat_encased,
          hangedman_decor_peaks_small, minmay_rat_hole

Skill      XL: |  1  2  3  4  5 |
---------------+----------------+-----
Maces & Flails | 4 |  4.9
Armour         | 3 |  3.7
Fighting       | 4 |  4.9
Long Blades    | 1 |  1.5
Dodging        | |  1.9
Stealth        | |  0.3
Evocations     | |  0.7

Action                   |  1- 3 |  4- 6 || total
-------------------------+-------+-------++-------
Melee: Mace              |    75 |    13 ||    88
       Headbutt          |     6 |     9 ||    15
       Punch             |     1 |       ||     1
       Long sword        |       |    44 ||    44
Evoke: Piece from Xom's  |    13 |     4 ||    17
  Use: Scroll            |     3 |     2 ||     5
       Potion            |       |     1 ||     1
 Stab: Petrified         |     1 |       ||     1
Armor: Leather armour    |    17 |       ||    17
       Ring mail         |    17 |    19 ||    36
       Chain mail        |     5 |       ||     5
Dodge: Dodged            |    54 |    44 ||    98

Table legend: (Time is in decaauts)
 A = Elapsed time spent in this place.
 B = Non-inter-level travel time spent in this place.
 C = Inter-level travel time spent in this place.
 D = Time resting spent in this place.
 E = Time spent auto-exploring this place.
 F = Levels seen in this place.
 G = Mean time per level.
                   A        B        C        D        E       F      G
               +--------+--------+--------+--------+--------+-----+--------+
         Total |   2352 |   2297 |     55 |      0 |   1628 |   4 |  588.0 |
       Dungeon |   2352 |   2297 |     55 |      0 |   1628 |   4 |  588.0 |
               +--------+--------+--------+--------+--------+-----+--------+

Top non-repeatable levels by time:
     D:2: 770 daAuts
     D:3: 769 daAuts
     D:1: 617 daAuts
     D:4: 194 daAuts
